 Dungeon Crawl Stone Soup version 0.17.0-73-gb648821 (console) character file.

3838 Kloppie the Basher (level 9, -2/75 HPs)
             Began as a Centaur Fighter on Dec 10, 2015.
             Was a Believer of Elyvilon.
             Succumbed to a scorpion's poison
             ... on level 6 of the Dungeon.
             The game lasted 00:15:00 (10022 turns).

Kloppie the Basher (Centaur Fighter)               Turns: 10022, Time: 00:15:01

Health: -2/75      AC:  9    Str: 17    XL:     9   Next: 98%
Magic:  13/13      EV:  6    Int:  7    God:    Elyvilon [**....]
Gold:   370        SH:  9    Dex: 10    Spells: 0 memorised, 8 levels left

rFire  . . .     SeeInvis +     i - +0 morningstar
rCold  . . .     Clarity  +     b - +0 scale mail
rNeg   . . .     SustAt   .     c - +0 shield
rPois  .         Gourm    .     (no helmet)
rElec  .         Spirit   .     n - +2 cloak
rCorr  .         Warding  .     (no gloves)
rMut   .         Stasis   .     (no barding)
MR     .....                    t - amulet of rage
Stlth  ..........               y - ring of see invisible
                                (no ring)

@: lethally poisoned (-2 -> -37), very quick, not resistant to hostile
enchantments, extremely unstealthy
A: hooves 3, clarity, clumsy 1, deformed body, speed 2, regeneration 1, tough
skin 3, weak 1
a: Lesser Healing, Heal Other, Divine Protection, Renounce Religion, Evoke
Berserk Rage


You were on level 6 of the Dungeon.
You worshipped Elyvilon.
Elyvilon was pleased with you.
You were not hungry.

You visited 1 branch of the dungeon, and saw 6 of its levels.
You also visited: Sewer and Ossuary.

You collected 370 gold pieces.

Inventory:

Hand Weapons
 a - a +1 flail
 i - a +0 morningstar (weapon)
Armour
 b - a +0 scale mail (worn)
 c - a +0 shield (worn)
 n - a +2 cloak (worn)
 r - a +0 plate armour
 C - a +1 chain mail of cold resistance
Jewellery
 l - an uncursed amulet of the gourmand
 t - an amulet of rage (around neck)
 y - a ring of see invisible (right hand)
 D - an uncursed amulet of warding {unknown}
Scrolls
 f - 2 scrolls of enchant weapon
 k - 5 scrolls of remove curse
 m - a scroll of magic mapping
 q - 3 scrolls of teleportation
 s - a scroll of identify
 z - a scroll of enchant armour
 A - a scroll of noise
 H - a scroll of silence
Potions
 d - 2 potions of might
 g - 3 potions of haste
 h - 2 potions of cancellation
 o - 2 potions of lignification
 p - 3 potions of resistance
 v - 4 potions of cure mutation
 B - a potion of magic
 E - 4 potions of poison
Books
 j - a book of Dreams

   Spells                             Type                      Level
   a - Ensorcelled Hibernation        Hexes/Ice                    2
   b - Phase Shift                    Translocation                5
   c - Shadow Creatures               Summoning                    5
   d - Silence                        Hexes/Air                    5
   e - Darkness                       Hexes                        6
   f - Mass Confusion                 Hexes                        6
 u - a book of Beasts

   Spells                             Type                      Level
   a - Summon Butterflies             Summoning                    1
   b - Call Canine Familiar           Summoning                    3
   c - Summon Ice Beast               Ice/Summoning                4
   d - Summon Mana Viper              Hexes/Summoning              5
   e - Summon Hydra                   Summoning                    7
Comestibles
 e - 4 bread rations
 F - 2 chunks of flesh
 G - a meat ration


   Skills:
 - Level 6.0 Fighting
 + Level 9.5 Maces & Flails
 - Level 2.1 Armour
 - Level 5.6 Shields
 + Level 5.9 Invocations


You had 8 spell levels left.
You didn't know any spells.

Dungeon Overview and Level Annotations

Branches:
Dungeon (6/15)             Temple (0/1) D:6

Altars:
Dithmenos
Elyvilon
Gozag
Sif Muna
Trog


Innate Abilities, Weirdness & Mutations

You have hooves in place of feet.
Armour fits poorly on your strangely shaped body.
You cover ground very quickly.
You have extremely tough skin (AC +3).
You possess an exceptional clarity of mind.
You are clumsy. (Dex -2)
Your natural rate of healing is unusually fast.
You are weak. (Str -2)


Message History

* * * LOW HITPOINT WARNING * * *
You are more poisoned.
The scorpion poisons you!
* * * LOW HITPOINT WARNING * * *
You feel sick.
You see here a scorpion corpse.
Drink which item? (? for menu, Esc to quit)
It was a potion of mutation.
You feel extremely strange.
You feel clumsy.
You begin to heal more quickly.
You feel weaker.
* * * LOW HITPOINT WARNING * * *
You feel very sick. The scorpion stings you.
* * * LOW HITPOINT WARNING * * *
You are more poisoned.
The scorpion poisons you!
Drink which item? (? for menu, Esc to quit)
It was a potion of beneficial mutation.
Your thoughts seem clearer.
You feel fantastic!
You die...

# ... ### ..P ..## .P..
#..## ..P. .#..# #..#
..#.######...# ...>.....#
#..#### ...##....##
#ssP##
..........######@.#
##........##...##.###.#
##........##.#.#......#
##....#......#.#.########
##....########.#........#
##.#### ######.########.#
##. #......# #.# #
#.###### #.# #.# #####.#


You could see 2 scorpions.

Vanquished Creatures
  The ghost of Kloppie the Skirmisher, a novice CeFi (D:6)
  Sigmund (D:4)
  Menkaure (D:4)
  2 orc warriors
  A necrophage (D:5)
  2 phantoms
  2 ice beasts (D:5)
  An ogre (D:5)
  7 big kobolds (Sewer)
  2 giant frogs (D:6)
  A wyvern zombie (Ossuary)
  5 scorpions
  4 bog bodies (Ossuary)
  2 crimson imps (D:5)
  4 giant frog zombies (Ossuary)
  A gnoll shaman (D:4)
  2 jellies
  4 orc wizards (D:5)
  2 centaur zombies (Ossuary)
  3 orc priests
  Ijyb (D:2)
  A giant frog skeleton (D:4)
  An iguana (D:6)
  A centaur skeleton (D:4)
  A hound (D:6)
  3 worker ants (D:4)
  A killer bee zombie (Ossuary)
  9 mummies
  2 worker ant zombies (Ossuary)
  4 gnolls (D:4)
  11 adders
  6 river rats
  A shadow imp (D:6)
  An ooze (D:2)
  An adder skeleton (D:4)
  3 adder zombies
  6 worms
  4 giant geckos
  24 orcs
  5 ball pythons
  10 bats
  7 giant cockroaches
  7 goblins
  6 hobgoblins
  3 jackals
  12 kobolds
  4 quokkas
  A giant cockroach zombie (Ossuary)
  2 giant gecko zombies
  5 giant newts
  A hobgoblin zombie (D:6)
  3 jackal zombies (Ossuary)
  A kobold zombie (D:6)
  3 quokka zombies
  11 rats
  A fungus (D:6)
211 creatures vanquished.

Vanquished Creatures (others)
  A wizard (D:5)
  2 fungi (D:6)
  3 plants (Ossuary)
6 creatures vanquished.

Grand Total: 217 creatures vanquished

Notes
Turn   | Place    | Note
--------------------------------------------------------------
     0 | D:1      | Kloppie the Centaur Fighter began the quest for the Orb.
     0 | D:1      | Reached XP level 1. HP: 19/19 MP: 1/1
   167 | D:1      | Reached XP level 2. HP: 21/26 MP: 2/2
   539 | D:2      | Noticed Ijyb
   759 | D:2      | Killed Ijyb
   759 | D:2      | Reached XP level 3. HP: 22/33 MP: 3/3
   790 | D:2      | Found an opulent altar of Gozag.
   904 | D:2      | Reached skill level 4 in Fighting
   967 | D:2      | Reached XP level 4. HP: 24/40 MP: 4/4
  1021 | D:2      | Found a faded altar to an unknown god.
  1317 | D:2      | Found a white marble altar of Elyvilon.
  1324 | D:2      | Found a shadowy altar of Dithmenos.
  1337 | D:2      | Became a worshipper of Elyvilon the Healer
  1946 | D:3      | Found a bloodstained altar of Trog.
  2091 | D:3      | Reached XP level 5. HP: 27/47 MP: 5/5
  2274 | D:3      | Found a glowing drain.
  2296 | Sewer    | Entered a sewer
  2520 | Sewer    | Reached skill level 5 in Fighting
  2685 | Sewer    | Reached XP level 6. HP: 26/56 MP: 6/6
  2966 | Sewer    | Reached skill level 6 in Fighting
  2966 | Sewer    | Reached skill level 5 in Maces & Flails
  3206 | Sewer    | Reached XP level 7. HP: 39/63 MP: 7/7
  3629 | D:3      | Reached * piety under Elyvilon
  4707 | D:4      | Noticed Menkaure
  4746 | D:4      | Killed Menkaure
  4746 | D:4      | Reached XP level 8. HP: 33/70 MP: 8/8
  4965 | D:4      | Noticed Sigmund
  5625 | D:4      | Killed Sigmund
  6371 | D:4      | Reached skill level 7 in Maces & Flails
  6639 | D:5      | Entered Level 5 of the Dungeon
  6844 | D:5      | Reached skill level 5 in Shields
  7295 | D:5      | Reached ** piety under Elyvilon
  7503 | D:5      | Reached XP level 9. HP: 75/75 MP: 9/9
  7516 | D:5      | Found a bloodstained altar of Trog.
  7518 | D:5      | Noticed a wizard
  7524 | D:5      | Killed a wizard
  7603 | D:5      | Reached skill level 8 in Maces & Flails
  7911 | D:5      | Reached skill level 1 in Invocations
  8192 | D:6      | Found a sand-covered staircase.
  8199 | Ossuary  | Entered an ossuary
  9366 | D:6      | Noticed Kloppie's ghost (novice CeFi)
  9384 | D:6      | Killed Kloppie's ghost
  9384 | D:6      | Reached skill level 9 in Maces & Flails
  9384 | D:6      | Reached skill level 5 in Invocations
  9557 | D:6      | Found a staircase to the Ecumenical Temple.
  9891 | D:6      | Found a deep blue altar of Sif Muna.
 10021 | D:6      | Gained mutation: You are clumsy. (Dex -2) [potion of mutation]
 10021 | D:6      | Gained mutation: Your natural rate of healing is unusually fast. [potion of mutation]
 10021 | D:6      | Gained mutation: You are weak. (Str -2) [potion of mutation]
 10021 | D:6      | HP: 1/75 [scorpion (4)]
 10022 | D:6      | Gained mutation: You possess an exceptional clarity of mind. [potion of beneficial mutation]
 10022 | D:6      | Succumbed to a scorpion's poison

Action                   |  1- 3 |  4- 6 |  7- 9 || total
-------------------------+-------+-------+-------++-------
Melee: Flail             |   123 |   188 |   382 ||   693
       Morningstar       |       |       |   229 ||   229
  Use: Scroll            |       |       |    18 ||    18
       Potion            |       |       |     6 ||     6
  Eat: Chunk             |       |     6 |    15 ||    21
       Meat ration       |       |       |     1 ||     1
       Fruit             |       |       |     1 ||     1
